 Dungeon Crawl Stone Soup version 0.26.1-11-gd32895ea62 (webtiles) character file.

Game seed: 14276067728266869288

639 Doot the Insei (level 7, 0/43 HPs)
             Began as an Octopode Transmuter on May 29, 2021.
             Was a Believer of Elyvilon.
             Slain by a centaur skeleton (7 damage)
             ... on level 4 of the Dungeon.
             The game lasted 00:08:46 (5392 turns).

Doot the Insei (Octopode Transmuter)                Turns: 5392, Time: 00:08:46

Health: 0/43       AC:  1    Str: 11    XL:     7   Next: 51%
Magic:  10/10      EV: 14    Int: 15    God:    Elyvilon [**....]
Gold:   282        SH:  0    Dex: 13    Spells: 5/11 levels left

rFire    . . .     SeeInvis .     - Unarmed
rCold    . . .     Faith    .   (no shield)
rNeg     . . .     Spirit   .   (helmet restricted)
rPois    .         Reflect  .   (no amulet)
rElec    .         Harm     .   q - ring of attention (curse)
rCorr    .         Rampage  .   (no ring)
Will     .....                  (no ring)
Stlth    ++........             (no ring)
HPRegen  0.14/turn              (no ring)
MPRegen  0.12/turn              (no ring)
                                (no ring)
                                (no ring)

@: no status effects
A: almost no armour, stealthy swim, amphibious, 8 rings, constrict 8, camouflage
1, gelatinous body 1
a: Renounce Religion, Lesser Healing, Heal Other, Divine Protection


You were on level 4 of the Dungeon.
You worshipped Elyvilon.
Elyvilon was pleased with you.
You visited 2 branches of the dungeon, and saw 6 of its levels.

You collected 282 gold pieces.

Inventory:

Missiles
 m - 155 stones
 n - 2 throwing nets
 p - 11 poisoned darts
Jewellery
 q - a cursed ring of attention (left tentacle)
 r - an uncursed ring of flight
Scrolls
 a - 2 scrolls of magic mapping {unknown}
 d - 5 scrolls of remove curse {unknown}
 g - 2 scrolls of blinking {unknown}
 i - 8 scrolls of identify {unknown}
 j - 2 scrolls of random uselessness {unknown}
 k - 2 scrolls of teleportation {unknown}
 l - 2 scrolls of enchant weapon {unknown}
Potions
 b - a potion of lignification {unknown}
 c - 2 potions of heal wounds {unknown}
 e - 2 potions of attraction {unknown}
 f - a potion of degeneration {unknown}
 h - a potion of flight {unknown}
 o - a potion of invisibility {unknown}


   Skills:
 + Level 1.4 Fighting
 + Level 2.7 Dodging
 + Level 2.8 Stealth
 * Level 6.7 Unarmed Combat
 + Level 2.6 Spellcasting
 * Level 3.7 Transmutations
 + Level 0.7 Poison Magic
 + Level 0.4 Invocations


You had 5 spell levels left.
You knew the following spells:

 Your Spells              Type           Power        Failure   Level
a - Beastly Appendage     Tmut           26%          4%          1
b - Wereblood             Tmut           13%          7%          2
c - Spider Form           Tmut/Pois      4%           26%         3

Your spell library contained the following spells:

 Spells                   Type           Power        Failure   Level
 Ice Form                 Ice/Tmut       7%           67%         4
 Blade Hands              Tmut           6%           77%         5


Dungeon Overview and Level Annotations

Branches:
Dungeon (5/15)             Temple (1/1) D:4

Altars:
Ashenzari
Cheibriados
Dithmenos
Elyvilon
Fedhas
Gozag
Hepliaklqana
Kikubaaqudgha
Makhleb
Nemelex Xobeh
Okawaru
Qazlal
Ru
Trog
Uskayaw
Vehumet
Wu Jian
Xom
Yredelemnul
Zin
The Shining One

Annotations:
D:4 Dowan


Innate Abilities, Weirdness & Mutations

You cannot wear most types of armour.
You are very stealthy in the water. (Stealth+)
You are amphibious.
You can wear up to eight rings at the same time.
You can use your tentacles to constrict eight enemies at once.
Your skin changes colour to match your surroundings (Stealth+).
Your rubbery body absorbs attacks. (AC +1, EV +1)


Message History

A centaur skeleton comes into view.
Duvessa misses you.
You kill Duvessa!
You hear a distant wail of despair.
Your transformation has ended.
Dowan seems to find hidden reserves of power!
Dowan gestures at you while chanting. The shard of ice hits you!!
Ouch! That really hurt!
* * * LOW HITPOINT WARNING * * *
The centaur skeleton barely misses you.
The centaur skeleton closely misses you.
Dowan looks more healthy.
Dowan gestures wildly while chanting.
Dowan blinks!
There is a stone staircase leading up here.
Dowan hits you with a +3 dagger.
* * * LOW HITPOINT WARNING * * *
The centaur skeleton hits you!
You die...

#.# #.# #..# #.### #.# #.# #..#
#.# #.# ###.### #..# #.#
#.######.....# #..# #.#
#..)..##.....######..# #(#
#####................### #.# #
#.##.......###.....# ####.###
#####.##.......###.#.#.###.......
#.......##..>..Z@e.#.......##.###
.......).......##..###.######.#
..≈≈≈≈≈......(.........# #.#
≈≈≈≈≈≈≈≈≈......#...##### #.#
≈≈≈≈≈≈≈≈≈≈≈....##..# #.#
≈≈≈≈≈≈≈≈≈≈≈≈...##..# #.#
≈≈≈...≈≈≈≈≈≈...##..##########.#
≈≈≈.>.≈≈≈≈≈≈..###.............#
≈≈≈...≈≈≈≈≈≈..# #.#############


You could see Dowan (fast) and a centaur skeleton.

Vanquished Creatures
  Eustachio (D:5)
  Duvessa (D:4)
  An orc priest (D:3)
  3 orc wizards (D:4)
  A centaur skeleton (D:4)
  2 worker ants
  Robin (D:4)
  7 adders
  2 oozes
  A worm (D:2)
  A dart slug (D:3)
  2 leopard geckos
  12 orcs
  A ball python (D:2)
  3 giant cockroaches
  14 goblins
  13 hobgoblins
  10 jackals (D:3)
  5 kobolds
  2 quokkas
  15 bats
  A frilled lizard (D:3)
  8 rats
107 creatures vanquished.

Notes
Turn   | Place    | Note
-------+----------+-------------------------------------------
     0 | D:1      | Doot the Octopode Transmuter began the quest for the Orb.
     0 | D:1      | Reached XP level 1. HP: 13/13 MP: 3/3
   322 | D:1      | Reached XP level 2. HP: 18/18 MP: 3/5
   677 | D:1      | Learned a level 2 spell: Wereblood
   685 | D:2      | Found a faded altar of an unknown god.
   728 | D:2      | Reached XP level 3. HP: 9/23 MP: 3/6
  1126 | D:2      | Learned a level 3 spell: Spider Form
  1416 | D:2      | Found a radiant altar of Vehumet.
  1416 | D:2      | Found a burning altar of Makhleb.
  1416 | D:2      | Found a hide-covered altar of Uskayaw.
  1416 | D:2      | Found a stormy altar of Qazlal.
  1431 | D:2      | Found a blossoming altar of Fedhas.
  1431 | D:2      | Found a white marble altar of Elyvilon.
  1463 | D:2      | Became a worshipper of Elyvilon the Healer
  1562 | D:3      | Reached skill level 4 in Unarmed Combat
  1562 | D:3      | Reached XP level 4. HP: 20/28 MP: 4/7
  1765 | D:3      | Found a bloodstained altar of Trog.
  1946 | D:3      | Reached skill level 1 in Stealth
  2246 | D:3      | Reached XP level 5. HP: 28/33 MP: 4/8
  2356 | D:3      | Reached * piety under Elyvilon
  2535 | D:3      | Reached skill level 5 in Unarmed Combat
  3276 | D:4      | Found a staircase to the Ecumenical Temple.
  3285 | Temple   | Entered the Ecumenical Temple
  3607 | D:4      | Reached ** piety under Elyvilon
  3726 | D:4      | Noticed Dowan
  3790 | D:4      | Reached XP level 6. HP: 17/38 MP: 2/9
  4200 | D:4      | Noticed Robin
  4207 | D:4      | Killed Robin
  4661 | D:4      | Noticed Duvessa
  4687 | D:5      | Entered Level 5 of the Dungeon
  4687 | D:5      | Noticed Eustachio
  4693 | D:5      | Killed Eustachio
  4694 | D:5      | Reached skill level 6 in Unarmed Combat
  4694 | D:5      | Reached XP level 7. HP: 27/43 MP: 2/10
  5384 | D:4      | Killed Duvessa
  5392 | D:4      | Slain by a centaur skeleton

Illustrated notes

Levels and vault maps discovered:
D:1:      saegor_arrival_simple_a, layout_rooms
D:2:      cheibrodos_helix_gallery, layout_rooms, minmay_overflow_temple_hex,
          chequers_ecumenical_altar_simple_redux
D:3:      minmay_inner_zag, layout_basic, lemuel_doored_altar
D:4:      layout_loops_ring, temple_pool_b, uniq_robin, uniq_duvessa
D:5:      layout_rooms, hangedman_abyss_or_decor_lesser_grid, uniq_eustachio
Temple:   dpeg_chambers_temple

Skill      XL: |  1  2  3  4  5  6 |
---------------+-------------------+-----
Unarmed Combat | 4 5 6 |  6.7
Stealth        | 1 2 |  2.8
Transmutations | 3 |  3.7
Fighting       | |  1.4
Dodging        | |  2.7
Spellcasting   | |  2.6
Poison Magic   | |  0.7
Invocations    | |  0.4

Action                   |  1- 3 |  4- 6 |  7- 9 || total
-------------------------+-------+-------+-------++-------
Melee: Unarmed           |    76 |   153 |    25 ||   254
       Constrict         |    28 |    35 |     3 ||    66
       Kick              |    17 |     7 |     2 ||    26
       Tentacles         |    10 |    14 |     1 ||    25
       Punch             |       |     2 |       ||     2
 Cast: Beastly Appendage |    13 |     4 |     1 ||    18
       Spider Form       |       |     4 |     1 ||     5
       Wereblood         |       |     2 |     1 ||     3
Invok: Lesser Healing    |       |     5 |     3 ||     8
 Stab: Sleeping          |     2 |     8 |       ||    10
       Distracted        |       |     1 |       ||     1
Armor: Skin              |    11 |    12 |       ||    23
Dodge: Dodged            |    57 |    94 |    28 ||   179
